 Dungeon Crawl Stone Soup version 0.22-a0-362-g535178c (webtiles) character file.

109 Nattefrost the Chucker (level 4, 0/37 HPs)
             Began as a Barachi Hunter on Apr 19, 2018.
             Slain by Grinder (3 damage)
             ... while paralysed by Grinder
             ... on level 3 of the Dungeon.
             The game lasted 00:06:26 (2881 turns).

Nattefrost the Chucker (Barachi Hunter)             Turns: 2881, Time: 00:06:26

Health: 0/37       AC:  4    Str: 14    XL:     4   Next: 89%
Magic:  4/4        EV:  2    Int: 17    God:
Gold:   138        SH:  0    Dex: 12    Spells: 3/3 levels left

rFire    . . .     SeeInvis .   a - +1 whip
rCold    . . .     Gourm    .   (no shield)
rNeg     . . .     Faith    .   b - +0 leather armour
rPois    .         Spirit   .   (no helmet)
rElec    .         Reflect  .   l - +0 cloak
rCorr    .         Harm     .   (no gloves)
MR       .....                  (no boots)
Stlth    +.........             (no amulet)
HPRegen  0.12/turn              (no ring)
MPRegen  0.09/turn              (no ring)

@: paralysed, brilliant, about to teleport, slow
A: +LOS, swims, slowness 1, strong legs 1
a: Hop


You were on level 3 of the Dungeon.
You were not hungry.

You visited 1 branch of the dungeon, and saw 3 of its levels.

You collected 138 gold pieces.

Inventory:

Hand Weapons
 a - a +1 whip (weapon)
 o - a +0 flail
Missiles
 k - 34 stones (quivered)
Armour
 b - a +0 leather armour (worn)
 l - a +0 cloak (worn)
Scrolls
 e - a scroll of teleportation
 g - a scroll of remove curse {unknown}
 h - 2 scrolls of identify
 i - a scroll of noise {unknown}
 j - a scroll of enchant weapon
 p - a scroll of fear {unknown}
Comestibles
 f - 5 rations
 m - 2 chunks of flesh


   Skills:
 - Level 4.0 Fighting
 + Level 2.1 Maces & Flails
 - Level 4.0 Throwing
 - Level 3.1 Armour
 - Level 2.1 Dodging
 - Level 0.8 Stealth


You had 3 spell levels left.
You didn't know any spells.

Dungeon Overview and Level Annotations

Branches:
Dungeon (3/15)

Altars:
Cheibriados
Uskayaw

Annotations:
D:3 Grinder


Innate Abilities, Weirdness & Mutations

Shadows flee at your approach. (+LOS)
You can swim through water.
You cover ground slowly.
You can hop short distances.


Message History

You writhe in agony.
* * * LOW HITPOINT WARNING * * *
You aren't carrying any items that you can evoke.
Unknown command.
It was a potion of brilliance.
You feel clever all of a sudden. Grinder hits you.
* * * LOW HITPOINT WARNING * * *
You aren't carrying any potions.
Unknown command.
As you read the scroll labeled IXZAXU XYANARI, it crumbles to dust.
It is a scroll of identify.
e - 2 scrolls of teleportation Grinder hits you but does no damage.
As you read the scroll of teleportation, it crumbles to dust.
You feel strangely unstable. Grinder gestures at you.
You suddenly lose the ability to move!
Grinder hits you.
You die...

.. ......# .## #....#
.. #....# ##.. #)...#
.###... #.####....##
......=# #.........)#
....(...######...<<.#
.....(.$.#####......#
...()....5@.....#####
.........######.#
.......... #.#
.[.......#. #)#
.........##. #.#
........## .# #.#
.#.....# # ... ######
... ....#


You could see Grinder.

Vanquished Creatures
  Terence (D:3)
  A worm (D:2)
  2 dart slugs (D:1)
  6 leopard geckos
  An orc (D:3)
  4 giant cockroaches
  8 goblins
  10 hobgoblins
  4 jackals
  7 kobolds
  2 ball pythons
  5 bats
  3 frilled lizards
  10 rats
64 creatures vanquished.

Notes
Turn   | Place    | Note
-------+----------+-------------------------------------------
     0 | D:1      | Nattefrost the Barachi Hunter began the quest for the Orb.
     0 | D:1      | Reached XP level 1. HP: 17/17 MP: 1/1
   291 | D:1      | Reached skill level 1 in Armour
   291 | D:1      | Reached XP level 2. HP: 16/23 MP: 2/2
   610 | D:1      | Reached XP level 3. HP: 9/29 MP: 3/3
  1907 | D:2      | Found a hide-covered altar of Uskayaw.
  1941 | D:2      | Reached skill level 1 in Maces & Flails
  1945 | D:2      | Reached XP level 4. HP: 30/37 MP: 4/4
  2021 | D:2      | Found a snail-covered altar of Cheibriados.
  2710 | D:3      | Noticed Terence
  2847 | D:3      | Noticed Grinder
  2868 | D:3      | Killed Terence
  2880 | D:3      | Paralysed by Grinder for 4 turns
  2881 | D:3      | Slain by Grinder

Vault maps used:
D:1:      lightli_arrival_statue_moat, serial_bayou_lagoon_a
D:2:      cheibriados_altar_1, lemuel_crystal_altar
D:3:      st_stairs_14, uniq_grinder, uniq_terence

Skill      XL: |  1  2  3  4 |
---------------+-------------+-----
Armour         | 1 2 3 |  3.1
Fighting       | 3 4 |  4.0
Maces & Flails | 1 2 |  2.1
Throwing       | |  4.0
Dodging        | |  2.1
Stealth        | |  0.8

Action                   |  1- 3 |  4- 6 || total
-------------------------+-------+-------++-------
Melee: Short sword       |    61 |       ||    61
       Whip              |   120 |    80 ||   200
Throw: Javelin           |     6 |     5 ||    11
       Throwing net      |     1 |     2 ||     3
       Stone             |     3 |    27 ||    30
  Use: Potion            |     1 |     1 ||     2
       Scroll            |     1 |     2 ||     3
 Stab: Sleeping          |     3 |       ||     3
  Eat: Chunk             |     3 |     4 ||     7
Armor: Leather armour    |    74 |    38 ||   112
Dodge: Dodged            |   164 |    66 ||   230

Table legend:
 A = Spawn XP
 B = Non-spawn XP
 C = Spawn XP percentage of total XP
 D = Spawn monster count
 E = Non-spawn monster count
 F = Spawn count percentage of total count
 G = Total turns spent on level
                    A         B        C        D         E        F      G
               +---------+---------+-------+---------+---------+-------+---------
         Total |       0 |     156 |   0.0 |       0 |      64 |   0.0 |  2881
               +---------+---------+-------+---------+---------+-------+---------
           D:1 |       0 |      63 |   0.0 |       0 |      32 |   0.0 |  1440
           D:2 |       0 |      44 |   0.0 |       0 |      23 |   0.0 |  1220
           D:3 |       0 |      49 |   0.0 |       0 |       9 |   0.0 |   221
               +---------+---------+-------+---------+---------+-------+---------
